 Dungeon Crawl Stone Soup version 0.18.1-48-g4cf74bf (webtiles) character file.

29 Slippy the Skirmisher (level 3, 28/34 HPs)
             Began as a Minotaur Berserker on July 21, 2016.
             Was a Believer of Trog.
             Quit the game on level 2 of the Dungeon.
             The game lasted 00:04:41 (459 turns).

Slippy the Skirmisher (Minotaur Berserker)           Turns: 459, Time: 00:04:42

Health: 28/34      AC:  4    Str: 22    XL:     3   Next: 1%
Magic:  2/2        EV: 12    Int:  4    God:    Trog [**....]
Gold:   19         SH:  0    Dex:  9    Spells: 0 memorised, 2 levels left

rFire  + . .     SeeInvis .     a - +0 spear
rCold  . . .     Gourm    .     g - +1 leather armour {rF+}
rNeg   . . .     Faith    .     (no shield)
rPois  .         Spirit   .     (helmet restricted)
rElec  .         Dismiss  .     (no cloak)
rCorr  .         Reflect  .     (no gloves)
SustAt .         Harm     .     (no boots)
MR     .....                    (no amulet)
Stlth  +.........               (no ring)
                                (no ring)

@: not resistant to hostile enchantments, very unstealthy
A: retaliatory headbutt, horns 2
a: Berserk, Trog's Hand, Burn Spellbooks, Renounce Religion


You were on level 2 of the Dungeon.
You worshipped Trog.
Trog was pleased with you.
You were not hungry.

You visited 1 branch of the dungeon, and saw 2 of its levels.

You collected 19 gold pieces.

Inventory:

Hand Weapons
 a - a +0 spear (weapon)
Armour
 g - a +1 leather armour of fire resistance (worn)
Scrolls
 b - a scroll of noise {unknown}
 e - a scroll of teleportation (quivered) {unknown}
 h - 2 scrolls of remove curse {unknown}
 k - a scroll of amnesia {unknown}
 l - a scroll of identify {unknown}
Potions
 d - a potion of degeneration {unknown}
 f - a potion of might {unknown}
 i - 2 potions of heal wounds {unknown}
Comestibles
 c - a bread ration
 j - a beef jerky


   Skills:
 + Level 4.4 Fighting
 + Level 4.3 Polearms
 - Level 2.4 Armour
 - Level 2.1 Dodging


You had 2 spell levels left.
You didn't know any spells.

Dungeon Overview and Level Annotations

Branches:
Dungeon (2/15)

Altars:
Ashenzari


Innate Abilities, Weirdness & Mutations

You reflexively headbutt those who attack you in melee.
You have a pair of horns on your head.


Message History

You kill the kobold!
Trog accepts your kill.
You have reached level 3!
Your experience leads to an increase in your attributes!
Increase (S)trength, (I)ntelligence, or (D)exterity?
You feel stronger.
There's nothing to open nearby.
There is a stone staircase leading down here.
Found a shattered altar of Ashenzari.
l - a scroll labeled ARALEI FICOU A rat comes into view.
The rat bites you.
You closely miss the rat. You headbutt the rat.
You kill the rat!
Trog accepts your kill.
Quiver which item? (- for none, * to show all) (? for menu, Esc to quit)
You don't have any such object.
Quiver which item? (- for none, * to show all) (? for menu, Esc to quit)
Quivering
e - a scroll labeled XUCWAC MO MAQ for throwing.
Are you sure you want to abandon this character and quit the game? (Confirm with "yes".)

##.##)##....#
...#().......
##.(......#..
##.#..##....#
.(...###.####
.........#
.†....##### #
.>.##.....### ####.#
......##....# #!@..#
#...<.......###.####
....#.##........#
###......######## #
###......####
####....##.....
##...##........
##.##########.. #..#
.


There were no monsters in sight!

Vanquished Creatures
  A dart slug (D:2)
  A giant gecko (D:2)
  2 bats (D:2)
  A giant cockroach (D:1)
  3 goblins
  2 hobgoblins (D:2)
  5 kobolds
  A quokka (D:2)
  4 giant newts
  5 rats
25 creatures vanquished.

Notes
Turn   | Place    | Note
--------------------------------------------------------------
     0 | D:1      | Slippy the Minotaur Berserker began the quest for the Orb.
     0 | D:1      | Reached XP level 1. HP: 19/19 MP: 0/0
   177 | D:1      | You fall through a shaft!
   183 | D:2      | Reached XP level 2. HP: 24/27 MP: 1/1
   295 | D:2      | Reached ** piety under Trog
   422 | D:2      | Reached XP level 3. HP: 26/34 MP: 2/2
   424 | D:2      | Found a shattered altar of Ashenzari.
   459 | D:2      | Quit the game

Skill      XL: |  1  2 |
---------------+-------+-----
Fighting       | 4 |  4.4
Polearms       | 4 |  4.3
Armour         | |  2.4
Dodging        | |  2.1

Action                   || total
-------------------------++-------
Melee: Spear             ||    56
       Headbutt          ||     7
Armor: Leather armour    ||    10
       Animal skin       ||     2
Dodge: Dodged            ||    33
